Map: Dusk Towers

Players

Grumm

  • Race: Protoss Protoss
  • League: Gold

ikki - Winner!

  • Race: Terran Terran
  • League: Gold

VOD

Have the link to the VOD?

Description

Time

  • Played on: Jan. 8, 2016, 1:48 a.m.
  • Length: 10:59
Show
View Real Time Build Order
Export as new Build Order

Grumm Protoss 

Build Orders: 1 Gate Expand 

Get SALT Encoding   

  12  0:01  Probe (Chrono Boost)  
  13  0:12  Probe (Chrono Boost)  
  14  0:20  Pylon  
  14  0:23  Probe (Chrono Boost)  
  15  0:38  Probe (Chrono Boost)  
  15  0:39  Gateway  
  16  0:49  Assimilator, Probe (Chrono Boost)  
  17  1:00  Probe (Chrono Boost)  
  18  1:21  Nexus  
  18  1:32  Cybernetics Core  
  18  1:34  Probe (Chrono Boost)  
  19  1:45  Probe (Chrono Boost)  
  20  1:55  Pylon  
  20  1:56  Probe (Chrono Boost)  
  21  2:06  Probe (Chrono Boost)  
  21  2:09  Stalker  
  21  2:11  Warp Gate (Chrono Boost)  
  23  2:16  Gateway  
  23  2:18  Probe  
  24  2:37  Assimilator  
  24  2:50  Robotics Facility  
  24  2:53  Gateway  
  24  2:57  Pylon  
  24  2:59  Probe  
  24  3:01  Probe  
  28  3:12  Adept  
  28  3:14  Assimilator  
  28  3:17  Zealot  
  30  3:21  Probe  
  30  3:22  Probe  
  32  3:32  Probe  
  32  3:33  Probe  
  34  3:47  Probe  
  36  3:48  Mothership Core  
  36  3:52  Immortal  
  41  3:58  Probe  
  41  4:00  Pylon  
  42  4:08  Probe  
  42  4:09  Probe  
  44  4:45  Immortal  
  48  4:46  Stalker  
  48  4:47  Stalker x2  
  48  5:24  Observer (Chrono Boost)  
  47  5:35  Stalker x3  
  45  5:59  Probe  
  45  6:01  Gateway  
  45  6:02  Gateway  
  46  6:12  Probe, Stalker x2  
  46  6:13  Stalker  
  46  6:14  Probe  
  53  6:23  Probe  
  54  6:26  Probe  
  54  6:28  Pylon  
  54  6:31  Warp Prism (Chrono Boost)  
  57  6:37  Probe  
  57  6:38  Probe  
  59  6:48  Probe  
  59  6:49  Pylon  
  59  6:50  Probe  
  61  6:58  Pylon  
  59  7:02  Probe  
  60  7:09  Adept x3  
  60  7:13  Pylon  
  49  7:40  Stalker x2  
  49  7:41  Stalker  
  49  7:43  Observer (Chrono Boost)  
  37  7:55  Stalker  
  37  7:56  Stalker  
  37  7:58  Probe  
  41  7:59  Probe  
  43  8:14  Probe  
  43  8:16  Probe  
  45  8:28  Probe, Adept x3  
  45  8:30  Adept  
  32  8:53  Zealot x3  
  32  9:12  Probe  
  32  9:14  Probe  
  26  9:45  Probe  
  26  9:47  Probe  
  26  9:49  Observer (Chrono Boost)  
  22  10:23  Adept  
  22  10:24  Adept  
  22  10:26  Probe (Chrono Boost)  
Show
View Real Time Build Order
Export as new Build Order

ikki Terran - Winner!

Build Orders: Banshee Rush 

Get SALT Encoding   

  12  0:02  SCV  
  13  0:14  SCV  
  14  0:26  Supply Depot, SCV  
  15  0:34  Refinery  
  15  0:52  Barracks  
  15  0:54  SCV  
  16  1:06  SCV  
  17  1:12  Refinery  
  17  1:19  SCV  
  17  1:24  Supply Depot  
  18  1:31  SCV  
  19  1:40  Marine  
  19  1:43  SCV  
  21  1:55  SCV  
  21  1:58  Factory, Marine  
  23  2:16  Marine  
  24  2:27  Bunker  
  24  2:34  Marine  
  25  2:50  Factory Tech Lab  
  24  2:51  Starport, Marine  
  24  2:53  Orbital Command  
  25  3:09  Marine  
  26  3:20  Supply Depot  
  26  3:26  SCV  
  27  3:27  Marine  
  27  3:34  Factory Reactor  
  28  3:38  Banshee  
  28  3:39  Cloaking Field  
  31  3:45  Marine  
  32  3:57  Command Center  
  32  4:02  SCV  
  33  4:03  Marine  
  34  4:10  Widow Mine  
  34  4:11  Hellion  
  38  4:37  Bunker  
  38  4:41  Supply Depot  
  38  4:43  Banshee  
  41  4:59  Hellion  
  45  5:00  Hellion  
  45  5:06  Supply Depot  
  45  5:32  Banshee  
  48  5:39  Marine  
  48  5:42  Barracks  
  49  5:57  Marine  
  46  6:03  Barracks  
  47  6:04  Hellion  
  49  6:18  Marine  
  50  6:23  Bunker  
  50  6:29  Banshee  
  53  6:39  Orbital Command  
  53  6:55  Liberator  
  53  7:00  Widow Mine  
  53  7:01  Hellion  
  56  7:03  Barracks Tech Lab  
  56  7:07  Marine x2  
  58  7:24  Widow Mine  
  58  7:25  Marine  
  57  7:42  Marauder, Marine x2  
  55  8:00  Marine x2  
  55  8:04  Marauder  
  59  8:17  Marine  
  59  8:18  Marine  
  58  8:25  Marauder  
  52  8:47  Marauder  
  46  8:56  Marine x2  
  42  9:08  Marauder  
  43  9:10  Supply Depot  
  43  9:13  Marine  
  43  9:14  Marine  
  45  9:27  SCV x2  
  45  9:29  Marauder  
  49  9:31  Marine x2  
  47  9:39  SCV  
  47  9:41  Widow Mine x2  
  47  9:43  Banshee  
  50  9:49  Marine x2  
  50  9:51  Marauder  
  50  10:07  Marine x2  
  50  10:12  Marauder  
  49  10:19  Widow Mine  
  51  10:25  Marine x2  
  51  10:26  Medivac  
  55  10:34  Marauder  
  57  10:46  Supply Depot  
Tags
 
Add a new tag
Caveats
  • Supply blocks, unpowered buildings, or Contaminate may cause inaccurate times.
  • Supply counts are checked every 10 seconds.